 Dungeon Crawl Stone Soup version 0.19-a0-611-gb5a7e8d (webtiles) character file.

112 Akett the Sneak (level 4, -3/23 HPs)
             Began as a Vine Stalker Assassin on June 12, 2016.
             Slain by a gnoll
             ... wielding a +0 halberd
              (5 damage)
             ... on level 3 of the Dungeon.
             The game lasted 00:03:12 (1170 turns).

Akett the Sneak (Vine Stalker Assassin)             Turns: 1170, Time: 00:03:12

Health: -3/23      AC:  3    Str: 14    XL:     4   Next: 93%
Magic:  0/5        EV: 12    Int: 11    God:
Gold:   58         SH:  0    Dex: 16    Spells: 0 memorised, 3 levels left

rFire  . . .     SeeInvis .     a - +2 dagger
rCold  . . .     Gourm    .     c - +0 robe
rNeg   . . .     Faith    .     (no shield)
rPois  .         Spirit   +     (no helmet)
rElec  .         Dismiss  .     d - +0 cloak
rCorr  .         Reflect  .     (no gloves)
SustAt .         Harm     .     (no boots)
MR     .....                    k - amulet of magic regeneration
Stlth  +++.......               (no ring)
                                (no ring)

@: not resistant to hostile enchantments, fairly stealthy
A: fangs 2, regeneration 1, magic shield, antimagic bite, no device heal 3, rot
immunity
a: no special abilities


You were on level 3 of the Dungeon.
You were not hungry.

You visited 1 branch of the dungeon, and saw 3 of its levels.

You collected 58 gold pieces.

Inventory:

Hand Weapons
 a - a +2 dagger (weapon)
 b - a +0 blowgun
Missiles
 e - 8 poisoned needles
 f - 2 curare-tipped needles
Armour
 c - a +0 robe (worn)
 d - a +0 cloak (worn)
Jewellery
 k - an amulet of magic regeneration (around neck)
Scrolls
 j - a scroll of remove curse
 m - a scroll of teleportation
 o - a scroll of blinking {unknown}
Potions
 h - a potion of brilliance {unknown}
 l - a potion of resistance
 n - a potion of haste
Comestibles
 g - 2 bread rations
 i - 11 chunks of flesh


   Skills:
 + Level 2.3 Fighting
 * Level 2.7 Short Blades
 + Level 2.5 Throwing
 + Level 1.0 Dodging
 * Level 5.8 Stealth


You had 3 spell levels left.
You didn't know any spells.

Dungeon Overview and Level Annotations

Branches:
Dungeon (3/15)

Altars:
Fedhas
Hepliaklqana
Makhleb


Innate Abilities, Weirdness & Mutations

You have extremely sharp teeth.
Your natural rate of healing is unusually fast.
When hurt, damage is shared between your health and your magic reserves.
Your bite disrupts and absorbs the magic of your enemies.
Potions and wands cannot restore your health.
You are immune to rotting.


Message History

The gnoll hits you with a halberd!
* * * LOW HITPOINT WARNING * * *
You hit the gnoll.
The gnoll is heavily wounded.
The gnoll hits you but does no damage.
You hit the gnoll.
The gnoll is heavily wounded.
The gnoll misses you.
The gnoll hits you from afar with a spear.
* * * LOW HITPOINT WARNING * * *
Some of the chunks of flesh in your inventory have rotted away.
You barely miss the gnoll. Your bite misses the gnoll.
The gnoll is heavily wounded.
The gnoll hits you from afar with a spear.
* * * LOW HITPOINT WARNING * * *
The gnoll barely misses you.
You hit the gnoll.
The gnoll is severely wounded.
The gnoll closely misses you. The gnoll hits you with a halberd!
You die...

#<.#.##. #.#.##.#
#.#.##.# #.#.##.##
#.......###. #
#..._..[....
#.########...........
#...@gg..........$.#
#########....8.....#
...............!#
##.)............#
#........_.....#
.?..............#
#...............#
#.##..#.##.#..!.# #
#([#.##<#......


You could see 2 gnolls.

Vanquished Creatures
  4 adders (D:2)
  An ooze (D:2)
  4 worms (D:2)
  3 dart slugs
  A giant gecko (D:1)
  3 giant cockroaches
  11 goblins
  7 hobgoblins
  A ball python (D:2)
  5 bats
  2 giant newts (D:1)
  6 kobolds
  6 rats
54 creatures vanquished.

Vanquished Creatures (others)
  4 toadstools (D:1)
4 creatures vanquished.

Grand Total: 58 creatures vanquished

Notes
Turn   | Place    | Note
--------------------------------------------------------------
     0 | D:1      | Akett the Vine Stalker Assassin began the quest for the Orb.
     0 | D:1      | Reached XP level 1. HP: 11/11 MP: 2/2
    13 | D:1      | Reached skill level 5 in Stealth
    35 | D:1      | Reached XP level 2. HP: 7/15 MP: 1/3
   180 | D:1      | Reached skill level 1 in Dodging
   297 | D:1      | Reached XP level 3. HP: 18/18 MP: 4/4
   574 | D:2      | Reached XP level 4. HP: 23/23 MP: 5/5
   792 | D:2      | Found a burning altar of Makhleb.
  1132 | D:3      | Found a blossoming altar of Fedhas.
  1135 | D:3      | Found a hazy altar of Hepliaklqana.
  1170 | D:3      | Slain by a gnoll

Vault maps used:
D:1:      ldierk_walled_garden_2
D:2:      bloody_makhleb
D:3:      led_sif_book, grunt_temple_overflow_open, ecumenical_altar_2,
          minivault_26, uniq_jessica, uniq_grinder, uniq_terence

Skill      XL: |  1  2  3 |
---------------+----------+-----
Stealth        | 5 |  5.8
Throwing       | 2 |  2.5
Short Blades   | 2 |  2.7
Dodging        | 1 |  1.0
Fighting       | 2 |  2.3

Action                   |  1- 3 |  4- 6 || total
-------------------------+-------+-------++-------
Melee: Dagger            |    95 |    67 ||   162
       Bite              |    26 |    26 ||    52
  Use: Scroll            |       |     5 ||     5
 Stab: Distracted        |     1 |       ||     1
       Sleeping          |     4 |     6 ||    10
  Eat: Chunk             |       |     1 ||     1
Armor: Robe              |    17 |     4 ||    21
Dodge: Dodged            |    57 |    28 ||    85
